Map: Dusk Towers

Players

SpeeDy

  • Race: Zerg Zerg
  • League: Master

HolyHit - Winner!

  • Race: Protoss Protoss
  • League: Grandmaster

VOD

Have the link to the VOD?

Description

Time

  • Played on: Feb. 22, 2016, 12:26 p.m.
  • Length: 8:38
Show
View Real Time Build Order
Export as new Build Order

SpeeDy Zerg 

Build Orders: Hatch First 

Get SALT Encoding   

  12  0:01  Drone  
  13  0:13  Overlord  
  13  0:17  Drone  
  14  0:32  Drone x2  
  16  0:37  Drone  
  17  0:52  Hatchery  
  16  1:00  Drone x2  
  18  1:04  Extractor  
  18  1:09  Drone  
  18  1:20  Spawning Pool  
  18  1:22  Drone  
  18  1:31  Drone  
  19  1:41  Overlord  
  19  2:06  Metabolic Boost  
  19  2:07  Queen x2  
  23  2:08  Zergling x2  
  23  2:10  Drone x2  
  23  2:14  Drone  
  27  2:16  Drone  
  28  2:25  Drone  
  28  2:29  Drone  
  30  2:42  Hatchery  
  30  2:43  Drone x2  
  31  2:51  Queen  
  31  2:55  Overlord  
  33  3:00  Drone x3  
  36  3:10  Overlord  
  36  3:18  Drone x2  
  36  3:19  Drone x5  
  43  3:22  Overlord  
  43  3:40  Zergling x6  
  46  3:43  Overlord  
  46  3:54  Overlord  
  46  3:56  Queen  
  46  4:01  Roach Warren  
  46  4:13  Drone x5  
  46  4:14  Drone x3  
  54  4:17  Extractor, Overlord  
  53  4:29  Spine Crawler  
  52  4:32  Zergling x14  
  58  4:47  Drone x4  
  58  4:48  Drone x3  
  58  4:52  Lair  
  65  4:54  Drone x5  
  65  4:55  Drone x2  
  65  4:56  Evolution Chamber  
  71  5:03  Spore Crawler  
  71  5:05  Spore Crawler  
  71  5:06  Spore Crawler  
  68  5:10  Zergling x4  
  68  5:11  Zergling x4  
  72  5:19  Zergling x4  
  72  5:20  Zergling x6  
  62  5:45  Drone x3  
  62  5:46  Drone x6  
  70  5:53  Queen  
  70  5:54  Queen  
  74  5:59  Extractor  
  74  6:00  Extractor  
  72  6:06  Zerg Melee Weapons Level 1  
  72  6:09  Hatchery  
  72  6:11  Extractor, Evolution Chamber  
  69  6:12  Extractor  
  69  6:15  Hatchery  
  67  6:18  Hatchery  
  67  6:21  Overseer  
  67  6:24  Drone x3  
  69  6:27  Drone x4  
  69  6:28  Drone  
  69  6:29  Overlord x3  
  71  6:43  Zerg Ground Armor Level 1  
  71  6:44  Pneumatized Carapace  
  70  6:51  Drone x4  
  70  6:52  Drone x2, Hydralisk Den  
  75  7:06  Zergling x12  
  75  7:07  Zergling x6  
  83  7:14  Spore Crawler  
  83  7:15  Overlord  
  73  7:23  Drone x4  
  73  7:25  Muscular Augments  
  76  7:40  Spore Crawler  
  76  7:41  Queen x2  
  76  7:42  Drone x4  
  76  7:43  Drone x4  
  85  7:47  Zergling x6  
  85  7:48  Zergling x8  
  83  8:06  Hydralisk  
  83  8:07  Hydralisk x7  
Show
View Real Time Build Order
Export as new Build Order

HolyHit Protoss - Winner!

Build Orders: Nexus First 

Get SALT Encoding   

  12  0:01  Probe (Chrono Boost)  
  13  0:11  Probe (Chrono Boost)  
  14  0:16  Pylon  
  14  0:22  Probe (Chrono Boost)  
  15  0:35  Probe (Chrono Boost)  
  16  0:45  Probe (Chrono Boost)  
  17  0:58  Nexus  
  17  1:01  Probe (Chrono Boost)  
  18  1:12  Gateway  
  18  1:15  Probe (Chrono Boost)  
  19  1:21  Assimilator  
  19  1:26  Probe (Chrono Boost)  
  20  1:37  Assimilator  
  20  1:39  Gateway  
  20  1:41  Probe (Chrono Boost)  
  21  1:52  Probe (Chrono Boost)  
  22  1:59  Cybernetics Core  
  22  2:02  Probe (Chrono Boost)  
  23  2:11  Probe (Chrono Boost)  
  23  2:13  Probe (Chrono Boost)  
  25  2:21  Probe (Chrono Boost)  
  26  2:23  Probe (Chrono Boost)  
  27  2:30  Warp Gate  
  27  2:32  Probe (Chrono Boost)  
  27  2:34  Probe (Chrono Boost)  
  27  2:35  Adept (Chrono Boost)  
  27  2:36  Adept (Chrono Boost)  
  33  2:43  Probe (Chrono Boost)  
  34  2:46  Mothership Core (Chrono Boost)  
  34  2:49  Pylon  
  36  2:55  Probe (Chrono Boost)  
  37  3:02  Twilight Council  
  37  3:05  Probe (Chrono Boost)  
  38  3:07  Probe (Chrono Boost)  
  41  3:12  Adept (Chrono Boost)  
  41  3:13  Adept (Chrono Boost)  
  41  3:16  Probe (Chrono Boost)  
  41  3:18  Probe (Chrono Boost)  
  45  3:22  Pylon  
  45  3:26  Probe  
  46  3:29  Probe  
  46  3:34  Assimilator x2  
  46  3:37  Resonating Glaives (Chrono Boost)  
  46  3:42  Adept (Chrono Boost)  
  46  3:43  Adept (Chrono Boost)  
  46  3:47  Probe  
  51  3:49  Probe  
  52  3:59  Probe  
  53  4:03  Pylon  
  53  4:08  Probe  
  54  4:12  Probe  
  54  4:18  Stargate  
  54  4:21  Stargate  
  54  4:23  Probe (Chrono Boost)  
  54  4:24  Probe (Chrono Boost)  
  56  4:33  Nexus  
  56  4:34  Sentry  
  58  4:39  Adept  
  58  4:40  Probe (Chrono Boost)  
  61  4:48  Pylon  
  61  4:50  Probe (Chrono Boost)  
  62  4:54  Pylon  
  62  5:06  Probe (Chrono Boost), Phoenix x2  
  68  5:08  Probe (Chrono Boost)  
  68  5:17  Probe (Chrono Boost)  
  68  5:20  Probe (Chrono Boost)  
  66  5:27  Probe (Chrono Boost)  
  65  5:33  Phoenix x2 (Chrono Boost)  
  68  5:36  Probe (Chrono Boost)  
  66  5:43  Probe (Chrono Boost)  
  66  5:47  Probe  
  66  5:48  Forge  
  66  5:49  Probe, Adept x2  
  68  5:50  Gateway  
  68  5:55  Probe  
  70  5:59  Probe x2  
  70  6:00  Phoenix x2 (Chrono Boost)  
  76  6:07  Probe  
  76  6:10  Probe, Gateway  
  77  6:11  Probe  
  79  6:18  Sentry  
  79  6:19  Sentry  
  79  6:21  Probe  
  79  6:23  Protoss Ground Weapons Level 1  
  84  6:28  Probe  
  84  6:29  Photon Cannon  
  84  6:31  Phoenix (Chrono Boost)  
  89  6:32  Phoenix (Chrono Boost)  
  89  6:35  Pylon  
  87  6:43  Probe  
  87  6:44  Probe  
  89  6:49  Assimilator, Robotics Facility  
  89  6:50  Robotics Facility  
  89  6:51  Assimilator  
  89  6:52  Sentry  
  91  6:56  Probe  
  91  6:57  Adept x2  
  91  6:59  Probe x2  
  98  7:08  Probe  
  98  7:09  Probe  
  100  7:23  Probe  
  100  7:29  Pylon  
  101  7:36  Nexus  
  101  7:38  Pylon  
  101  7:39  Pylon  
  101  7:47  Pylon, Probe x3, Immortal (Chrono Boost), Templar Archives  
  108  7:52  Pylon  
  108  7:57  Immortal (Chrono Boost)  
  112  7:59  Probe x2  
  115  8:05  Probe  
  115  8:11  Probe  
  115  8:17  Nexus  
  119  8:29  Robotics Bay  
  119  8:32  Sentry x2, Photon Cannon  
  119  8:33  Gateway  
  127  8:34  Gateway  
  127  8:36  Adept x2  
Tags
 
Add a new tag
Caveats
  • Supply blocks, unpowered buildings, or Contaminate may cause inaccurate times.
  • Supply counts are checked every 10 seconds.